 Dungeon Crawl Stone Soup version 0.30.0 (webtiles) character file.

Game seed: 13515782529000684592

879 Minorbread the Conjurer (level 7, -9/36 HPs)
             Began as a Deep Elf Fire Elementalist on May 24, 2023.
             Was a Follower of Vehumet.
             Mangled by Edmund
             ... wielding a +2 dire flail of protection
              (10 damage)
             ... on level 5 of the Dungeon.
             The game lasted 00:11:24 (5200 turns).

Minorbread the Conjurer (DEFE)                      Turns: 5200, Time: 00:11:25

Health: -9/36      AC:  5    Str:  9    XL:     7   Next: 75%
Magic:  3/16       EV: 13    Int: 22    God:    Vehumet [*.....]
Gold:   97         SH:  5    Dex: 21    Spells: 9/16 levels left

rFire   . . .        (no weapon)
rCold   . . .        (no shield)
rNeg    . . .        a - +1 robe
rPois   .            (no helmet)
rElec   .            (no cloak)
rCorr   .            w - +1 pair of gloves
SInv    .            (no boots)
Will    +....        u - amulet "Gutagoem" {Reflect Will+ Str+4 SH+5}
Stlth   +++          f - ring of flight
HPRegen 0.26/turn    k - +6 ring of dexterity
MPRegen 0.15/turn

%: reflection
@: flying
A: no striking features
a: Renounce Religion


You were on level 5 of the Dungeon.
You worshipped Vehumet.
Vehumet was aware of your devotion.
You visited 1 branch of the dungeon, and saw 5 of its levels.

You collected 254 gold pieces.
You spent 157 gold pieces at shops.

Inventory:

Armour
 a - a +1 robe (worn)
 w - a +1 pair of gloves (worn)
Jewellery
 f - a ring of flight (left hand)
 k - a +6 ring of dexterity (right hand)
 q - an amulet of faith
 u - the amulet "Gutagoem" (around neck) {Reflect Will+ Str+4 SH+5}
   (You took it off a goblin on level 3 of the Dungeon)

   [amulet of reflection]

   It reflects blocked missile attacks.
   Str:       It affects your strength (+4).
   SH:        It affects your SH (+5).
   Will:      It increases your willpower.
Wands
 s - a wand of polymorph (7)
Scrolls
 d - a scroll of enchant armour
 e - 3 scrolls of teleportation
 g - 5 scrolls of magic mapping {unknown}
 m - a scroll of enchant weapon {unknown}
 n - 2 scrolls of fog {unknown}
 o - 2 scrolls of butterflies {unknown}
 p - a scroll of immolation {unknown}
 r - 2 scrolls of identify {unknown}
 v - a scroll of silence {unknown}
Potions
 b - 2 potions of magic
 c - a potion of might {unknown}
 h - 3 potions of curing {unknown}
 i - a potion of invisibility {unknown}
 j - 2 potions of lignification {unknown}
 l - a potion of resistance {unknown}
 t - a potion of degeneration {unknown}


   Skills:
 - Level 2.4 Dodging
 - Level 5.0 Stealth
 + Level 5.3 Spellcasting
 + Level 7.1 Conjurations
 + Level 5.1 Fire Magic


You had 9 spell levels left.
You knew the following spells:

 Your Spells              Type           Power      Damage    Failure   Level
a - Foxfire               Conj/Fire      100%       2x1d9     1%          1
b - Scorch                Fire           56%        2d7       1%          2
c - Flame Wave            Conj/Fire      32%        2d9       8%          4

Your spell library contained the following spells:

 Spells                   Type           Power      Damage    Failure   Level
 Magic Dart               Conj           100%       1d8       1%          1
 Inner Flame              Hex/Fire       17%        N/A       11%         3
 Volatile Blastmotes      Fire/Tloc      34%        2d12      11%         3
 Call Canine Familiar     Summ           5%         N/A       30%         3
 Portal Projectile        Hex/Tloc       10%        N/A       30%         3
 Summon Guardian Golem    Hex/Summ       5%         N/A       30%         3
 Leda's Liquefaction      Hex/Erth       2%         N/A       69%         4
 Orb of Destruction       Conj           18%        9d8       99%         7
 Spellforged Servitor     Conj/Summ      10%        N/A       100%        7


Dungeon Overview and Level Annotations

Branches:
Dungeon (5/15)
 Temple: D:4-7

Altars:
Ashenzari
Fedhas
Ru
Uskayaw
Vehumet

Shops:
D:3 (   D:5 [

Annotations:
D:1 2 transporters
D:2 1 runed translucent door, Crazy Yiuf
D:3 3 runed translucent doors, Dani's ghost, weakling DsFi; PiratePeteNZ's ghost, amateur OpFE; mratface's ghost, amateur SpBr
D:4 Sigmund
D:5 Edmund; Menkaure


Message History

Flames lash Edmund.
Edmund resists.
Edmund is lightly wounded.
Edmund's fire resistance burns away.
You hear a shout! x2
Edmund hits you with a +2 dire flail of protection!
Menkaure, Prince of Dust comes into view.
Casting: Scorch (safe; 1% risk of failure)
Confirm with . or Enter, or press ? or * to list all spells.
Flames lash Menkaure.
Menkaure is burned terribly!
Menkaure is heavily damaged.
Menkaure's fire resistance burns away.
Edmund misses you.
Menkaure calls on the powers of darkness!
The orc convulses!
The orc wizard convulses!
Edmund convulses!
Your body is wracked with pain!
Casting: Scorch (safe; 1% risk of failure)
Confirm with . or Enter, or press ? or * to list all spells.
Flames lash Menkaure.
Menkaure is burned terribly!
Menkaure is severely damaged.
You block Edmund's attack.
The orc wizard mumbles some strange words.
The orc wizard flickers and vanishes!
Deactivating autopickup; reactivate with Ctrl-A.
An orc wizard comes into view. It is wielding a +0 dagger.
Casting: Scorch (safe; 1% risk of failure)
Confirm with . or Enter, or press ? or * to list all spells.
Flames lash Menkaure.
Menkaure is severely damaged.
Edmund is no longer more vulnerable to fire.
Menkaure calls on the powers of darkness!
The orc wizard convulses!
Something is bathed in an unholy light!
Edmund convulses!
Your body is wracked with pain!
* * * LOW HITPOINT WARNING * * *
Edmund hits you with a +2 dire flail of protection!
* * * LOW HITPOINT WARNING * * *
Okay, then.
Okay, then.
Your foxfire dissipates!
Edmund attacks as you move away!
Edmund hits you with a +2 dire flail of protection!
You die...

.# ##..........>.......#
.###...................##
.#...##########.........#
.#..## #########.#
≈##.....# #)# ≈######o.o#
#.# ## o. #########.#
###########.#
#..@@.......#
#.{oM########### ###.
######### #


You could see Edmund, Menkaure (combustible) and an orc wizard.

Vanquished Creatures
  Grinder (D:3)
  2 ogres
  A centaur (D:4)
  Blork the orc (D:4)
  A scorpion (D:5)
  A hound (D:4)
  3 iguanas
  Terence (D:2)
  Robin (D:3)
  5 adders
  A worm (D:2)
  2 dart slugs
  12 orcs
  8 ball pythons
  2 bats (D:3)
  4 endoplasms
  6 giant cockroaches
  10 goblins
  10 hobgoblins
  13 jackals
  11 kobolds
  5 quokkas
  6 frilled lizards
  5 rats
112 creatures vanquished.

Vanquished Creatures (collateral kills)
  2 foxfires (D:3)
2 creatures vanquished.

Vanquished Creatures (others)
  260 foxfires
  8 plants
  4 withered plants (D:3)
272 creatures vanquished.

Grand Total: 386 creatures vanquished

Notes
Turn   | Place    | Note
-------+----------+-------------------------------------------
     0 | D:1      | Minorbread the Deep Elf Fire Elementalist began the quest
                  | for the Orb.
     0 | D:1      | Reached XP level 1. HP: 10/10 MP: 6/6
   149 | D:1      | Reached XP level 2. HP: 15/15 MP: 6/8
   152 | D:1      | Learned a level 2 spell: Scorch
   478 | D:1      | Reached skill level 2 in Conjurations
   549 | D:1      | Reached XP level 3. HP: 13/19 MP: 1/10
  1039 | D:2      | Noticed Terence
  1043 | D:2      | Killed Terence
  1104 | D:2      | Found a broken altar of Ashenzari.
  1241 | D:2      | Reached XP level 4. HP: 24/24 MP: 10/12
  1413 | D:2      | Found a faded altar of an unknown god.
  2062 | D:2      | Found a runed translucent door.
  2063 | D:2      | Noticed Crazy Yiuf
  2362 | D:3      | Found a runed translucent gate.
  2363 | D:3      | Found a runed translucent gate.
  2363 | D:3      | Found a runed translucent gate.
  2364 | D:3      | Noticed PiratePeteNZ's ghost (amateur OpFE)
  2364 | D:3      | Noticed mratface's ghost (amateur SpBr)
  2365 | D:3      | Noticed Dani's ghost (weakling DsFi)
  2367 | D:3      | Found Baol's Weapon Boutique.
  2612 | D:3      | Reached skill level 3 in Conjurations
  2613 | D:3      | Noticed Grinder
  2990 | D:4      | Noticed Sigmund
  3036 | D:4      | Reached XP level 5. HP: 28/28 MP: 8/14
  3084 | D:4      | Found a hide-covered altar of Uskayaw.
  3106 | D:4      | Found a radiant altar of Vehumet.
  3107 | D:4      | Found a blossoming altar of Fedhas.
  3111 | D:4      | Became a worshipper of Vehumet
  3257 | D:3      | Noticed Robin
  3265 | D:3      | Killed Robin
  3266 | D:3      | Reached skill level 5 in Spellcasting
  3626 | D:4      | Noticed Blork the orc
  3632 | D:4      | Killed Blork the orc
  3633 | D:4      | Reached skill level 4 in Conjurations
  3633 | D:4      | Reached skill level 5 in Fire Magic
  3725 | D:4      | Noticed an ogre
  3733 | D:4      | Killed an ogre
  3734 | D:4      | Reached XP level 6. HP: 32/32 MP: 9/15
  3804 | D:3      | Identified the amulet "Gutagoem" {Reflect Will+ Str+4 SH+5}
  3804 | D:3      | Paralysed by Grinder for 5 turns
  3813 | D:3      | Killed Grinder
  3813 | D:3      | Reached * piety under Vehumet
  3813 | D:3      | Offered knowledge of Magic Dart by Vehumet.
  3814 | D:3      | Reached skill level 5 in Conjurations
  3814 | D:3      | Reached XP level 7. HP: 36/36 MP: 9/16
  4027 | D:3      | Identified the +2 whip of Disaster {spect, rElec rF+++
                  | Int-3 Dex+3}
  4525 | D:4      | Reached skill level 5 in Stealth
  4712 | D:5      | Entered Level 5 of the Dungeon
  4824 | D:4      | Reached skill level 6 in Conjurations
  4922 | D:5      | Reached skill level 7 in Conjurations
  4977 | D:5      | Learned a level 4 spell: Flame Wave
  4983 | D:5      | Found Bidezi's Antique Armour Boutique.
  4983 | D:5      | Found a sacrificial altar of Ru.
  4998 | D:5      | Bought a pair of glowing gloves for 157 gold pieces
  5176 | D:5      | Noticed Edmund
  5196 | D:5      | Noticed Menkaure
  5199 | D:5      | HP: 1/36 [Edmund/+2 dire flail of protection (9)]
  5200 | D:5      | Mangled by Edmund

Illustrated notes

Levels and vault maps discovered:
D:1:      spicycebolla_arrival_transporter_tutorial, layout_loops_ring
D:2:      layout_loops_cross, shapermc_ecumenical_altar_flowoftime, basic_altar,
          grunt_decor_resistance, uniq_terence, uniq_crazy_yiuf_cottage
D:3:      layout_basic, gammafunk_ghost_cemetery, serial_shops, shop,
          nicolae_concentric_dashed_squares_mild, serial_bayou_pond_a,
          lemuel_flame_loot_1, uniq_grinder, uniq_robin
D:4:      layout_loops_cross, minitemple, sigmund_army, uniq_sigmund,
          uniq_blork_the_orc
D:5:      lemuel_castle_with_subvaults [lemuel_castle_interior_carwin_2],
          layout_rooms, nicolae_ru_path_of_blood, lemuel_round_altar,
          minmay_temple_entry_antechambers, serial_shops, shop,
          amcnicky_mini_corridor_feature, uniq_edmund, uniq_menkaure, uniq_pikel

Skill      XL: |  1  2  3  4  5  6  7 |
---------------+----------------------+-----
Conjurations   | 2 3 4 5 7 |  7.1
Spellcasting   | 4 5 |  5.3
Fire Magic     | 4 5 |  5.1
Stealth        | 3 4 5 |  5.0
Dodging        | |  2.4

Action                     |  1- 3 |  4- 6 |  7- 9 || total
---------------------------+-------+-------+-------++-------
   Cast: Foxfire           |    54 |    69 |    41 ||   164
         Scorch            |     4 |    18 |    17 ||    39
    Use: Scroll            |       |     2 |       ||     2
 Armour: Robe              |     5 |     3 |     2 ||    10
  Dodge: Dodged            |    14 |    25 |     8 ||    47
  Block: Other             |       |       |     6 ||     6
         Reflection        |       |       |     1 ||     1
